 Dungeon Crawl Stone Soup version 0.28.0-43-g3370ac3207 (webtiles) character file.

Game seed: 13844888363492612581

181 terff the Covered (level 5, -1/47 HPs)
             Began as a Minotaur Fighter on Apr 1, 2022.
             Succumbed to a gnoll's poison
             ... on level 4 of the Dungeon.
             The game lasted 00:03:32 (2150 turns).

terff the Covered (Minotaur Fighter)                Turns: 2150, Time: 00:03:32

Health: -1/47      AC: 14    Str: 20    XL:     5   Next: 34%
Magic:  4/4        EV:  9    Int:  5    God:
Gold:   119        SH:  5    Dex: 12    Spells: 4/4 levels left

rFire   . . .      SeeInvis .   e - +2 flail (protect)
rCold   . . .      Faith    .   c - +0 buckler
rNeg    . . .      Spirit   .   b - +0 scale mail
rPois   .          Reflect  .   (helmet restricted)
rElec   .          Harm     .   (no cloak)
rCorr   .          Rampage  .   (no gloves)
Will    .....                   (no boots)
Stlth   ..........              h - amulet of regeneration
HPRegen 0.95/turn               (no ring)
MPRegen 0.09/turn               (no ring)

@: lethally poisoned (-1 -> -11), under a protective aura
A: horns 2, retaliatory headbutt
a: no special abilities


You were on level 4 of the Dungeon.
You visited 1 branch of the dungeon, and saw 4 of its levels.

You collected 119 gold pieces.

Inventory:

Hand Weapons
 a - a +1 war axe
 e - a +2 flail of protection (weapon)
Armour
 b - a +0 scale mail (worn)
 c - a +0 buckler (worn)
Jewellery
 h - an amulet of regeneration (around neck)
 i - a ring of magical power
Wands
 j - a wand of iceblast (10)
Scrolls
 n - a scroll of enchant armour {unknown}
Potions
 d - 2 potions of might
 f - 2 potions of curing {unknown}
 g - a potion of lignification
 k - a potion of heal wounds {unknown}
 l - a potion of berserk rage {unknown}
 m - a potion of attraction {unknown}


   Skills:
 + Level 4.5 Fighting
 + Level 4.5 Axes
 + Level 0.2(2.7) Maces & Flails
 + Level 4.6 Armour
 + Level 1.0 Dodging
 + Level 0.1 Stealth
 + Level 4.4 Shields


You had 4 spell levels left.
You didn't know any spells.
Your spell library contained the following spells:

 Spells                   Type           Power      Damage    Failure   Level
 Apportation              Tloc           0%         N/A       88%         1
 Beastly Appendage        Tmut           0%         N/A       88%         1
 Sandblast                Erth           0%         2d4       88%         1
 Shock                    Conj/Air       0%         1d3       88%         1
 Passwall                 Tmut/Erth      0%         N/A       96%         2
 Wereblood                Tmut           0%         N/A       96%         2
 Gell's Gravitas          Tloc           0%         N/A       99%         3
 Lesser Beckoning         Tloc           0%         N/A       99%         3
 Spider Form              Tmut/Pois      0%         N/A       99%         3
 Stone Arrow              Conj/Erth      0%         3d7       99%         3
 Swiftness                Air            0%         N/A       99%         3
 Teleport Other           Tloc           0%         N/A       99%         3
 Airstrike                Air            0%         N/A       100%        4
 Alistair's Intoxication  Tmut/Pois      0%         N/A       100%        5


Dungeon Overview and Level Annotations

Branches:
Dungeon (4/15)
 Temple: D:4-7

Altars:
Hepliaklqana

Shops:
D:1 *   D:3 *


Innate Abilities, Weirdness & Mutations

You have a pair of horns on your head.
You reflexively headbutt those who attack you in melee.


Message History

You hit the gnoll but do no damage.
Your weapon exudes an aura of protection.
A gnoll comes into view. It is wielding a +0 spear of venom.
The gnoll hits you with a +0 flail.
You barely miss the gnoll. You block the gnoll's attack.
You sock the gnoll! You headbutt the gnoll.
You kill the gnoll!
You block the gnoll's attack. The gnoll hits you but does no damage.
You are poisoned.
You feel very sick. The gnoll hits you but does no damage.
You are more poisoned.
You see here a +0 flail.
You hit the gnoll.
The gnoll is moderately wounded.
You feel very sick.
The gnoll hits you with a +0 spear of venom.
You are more poisoned.
You hit the gnoll. Your headbutt misses the gnoll.
The gnoll is heavily wounded.
You feel very sick.
The gnoll hits you with a +0 spear of venom.
You are more poisoned.
You hit the gnoll.
The gnoll is severely wounded.
You feel extremely sick. You block the gnoll's attack.
The gnoll hits you with a +0 spear of venom!
You are lethally poisoned!
You sock the gnoll!
You kill the gnoll!
* * * LOW HITPOINT WARNING * * *
You feel extremely sick.
Your Dodging skill increases to level 1!
* * * LOW HITPOINT WARNING * * *
You feel very sick.
A gnoll comes into view. It is wielding a +0 whip.
There is an escape hatch in the floor here.
You see here a +0 spear of venom.
You die...

##########
#.).)....#
#.#####.##
#####.# #.#
#@>)..# #.#
#.##### ##.##
#.# #...# #.#
#.### g.# #.#
#############.#
#.............#
#.##..#########
#.##.......#


You could see a gnoll (wandering).

Vanquished Creatures
  A scorpion (D:2)
  2 gnolls (D:4)
  2 worms
  3 dart slugs
  6 orcs
  5 ball pythons (D:1)
  2 endoplasms
  A giant cockroach (D:1)
  7 goblins
  11 hobgoblins
  9 jackals
  4 kobolds
  4 quokkas
  6 bats
  5 frilled lizards
  5 rats
73 creatures vanquished.

Notes
Turn   | Place    | Note
-------+----------+-------------------------------------------
     0 | D:1      | terff the Minotaur Fighter began the quest for the Orb.
     0 | D:1      | Reached XP level 1. HP: 19/19 MP: 0/0
   156 | D:1      | Reached XP level 2. HP: 27/27 MP: 1/1
   690 | D:1      | Found a faded altar of an unknown god.
   691 | D:1      | Found Zufycom's Assorted Antiques.
   702 | D:1      | Reached XP level 3. HP: 32/33 MP: 2/2
  1197 | D:2      | Noticed a scorpion
  1208 | D:2      | Killed a scorpion
  1209 | D:2      | Reached XP level 4. HP: 22/41 MP: 3/3
  1618 | D:3      | Found Juedip's General Store.
  1736 | D:3      | Reached XP level 5. HP: 47/47 MP: 4/4
  1921 | D:3      | Found a hazy altar of Hepliaklqana.
  2149 | D:4      | Reached skill level 1 in Dodging
  2149 | D:4      | HP: 2/47 [poisoned by a gnoll]
  2150 | D:4      | Succumbed to a gnoll's poison

Illustrated notes

Levels and vault maps discovered:
D:1:      dpeg_arrival_shelter, layout_basic, serial_shops, shop_fountains,
          ebering_ecumenical_altar_hall, grunt_decor_cap
D:2:      layout_loops_cross, amcnicky_mini_corridor_feature
D:3:      layout_rooms, worldfamousw_hep_ancestral_shrine, serial_shops,
          nicolae_shop_competitors_out_of_business
D:4:      layout_basic, minmay_temple_entry_waves, uniq_natasha,
          uniq_blork_the_orc

Skill      XL: |  1  2  3  4  5 |
---------------+----------------+-----
Shields        | 4 |  4.4
Fighting       | 4 |  4.5
Armour         | 4 |  4.6
Axes           | 4 |  4.5
Dodging        | 1 |  1.0
Maces & Flails | |  0.2
Stealth        | |  0.1

Action                   |  1- 3 |  4- 6 || total
-------------------------+-------+-------++-------
Melee: War axe           |    68 |    29 ||    97
       Headbutt          |     7 |     8 ||    15
       Flail             |       |    25 ||    25
  Use: Scroll            |     2 |     3 ||     5
Armor: Scale mail        |    34 |    27 ||    61
Dodge: Dodged            |    33 |    24 ||    57
Block: Buckler           |    21 |    16 ||    37
